 Dungeon Crawl Stone Soup version 0.31.0-32-g396128a36d (webtiles) character file.

Game seed: 14700937016666051664

21072 Peloso the Fencer (level 12, -6/108 HPs)
             Began as a Minotaur Fighter on Apr 17, 2024.
             Was a High Priest of Okawaru.
             Succumbed to orange demon's concentrated venom
             ... on level 2 of the Lair of Beasts.
             The game lasted 00:27:37 (12928 turns).

Peloso the Fencer (Minotaur Fighter)               Turns: 12928, Time: 00:27:37

Health: -6/108     AC: 22    Str: 21    XL:     12   Next: 51%
Magic:  11/12      EV: 13    Int:  5    God:    Okawaru [*****.]
Gold:   917        SH:  9    Dex: 21    Spells: 11/11 levels left

rFire   . . .        a - +2 scimitar (flame)
rCold   . . .        d - +0 buckler
rNeg    . . .        T - +0 plate armour
rPois   .            (helmet restricted)
rElec   .            r - +0 cloak
rCorr   .            (no gloves)
SInv    .            c - +0 pair of boots
Will    .....        L - amulet of regeneration Stlth
                     h - +4 ring of slaying
HPRegen 1.18/turn    j - +6 ring of dexterity
MPRegen 0.13/turn

%: no passive effects
@: lethally poisoned (-6 -> -28), heroic, slowed, very slow
A: horns 2, retaliatory headbutt
a: Renounce Religion, Heroism, Finesse, Duel


You were on level 2 of the Lair of Beasts.
You worshipped Okawaru.
Okawaru was extremely pleased with you.
You visited 2 branches of the dungeon, and saw 13 of its levels.

You collected 917 gold pieces.

Inventory:

Hand Weapons
 a - a +2 scimitar of flaming (weapon)
 k - a +6 hand cannon of freezing
Armour
 b - a +0 scale mail
 c - a +0 pair of boots (worn)
 d - a +0 buckler (worn)
 e - a +0 chain mail
 r - a +0 cloak (worn)
 T - a +0 plate armour (worn)
Jewellery
 h - a +4 ring of slaying (left hand)
 j - a +6 ring of dexterity (right hand)
 z - a +5 ring of evasion
 L - an amulet of regeneration (around neck)
 O - a ring of see invisible
 R - an amulet of magic regeneration
 S - the macabre finger necklace {Finger+ rN+}
   (You found it on level 11 of the Dungeon)

   [amulet of nothing]

   Finger+:   It enables you to equip an extra ring.
   rN+:       It protects you from negative energy.
Talismans
 M - a maw talisman
Wands
 f - a wand of flame (4)
 C - a wand of polymorph (20)
 F - a wand of light (14)
 H - a wand of mindburst (6)
Scrolls
 m - 2 scrolls of fog
 n - 4 scrolls of enchant weapon
 o - 3 scrolls of amnesia
 v - 2 scrolls of revelation
 y - 2 scrolls of immolation
 A - 4 scrolls of vulnerability {unknown}
 B - 2 scrolls of poison
 E - 2 scrolls of blinking
 G - a scroll of brand weapon
 J - 2 scrolls of enchant armour {unknown}
 K - a scroll of acquirement
 P - a scroll of fear
Potions
 g - 3 potions of brilliance
 i - 4 potions of might
 l - 4 potions of magic
 p - a potion of ambrosia
 q - a potion of enlightenment
 s - a potion of cancellation
 t - a potion of mutation
 u - a potion of heal wounds
 w - 4 potions of curing
 D - 3 potions of invisibility
 I - a potion of attraction {unknown}
 N - a potion of haste {unknown}
 Q - 3 potions of degeneration {unknown}


   Skills:
 + Level 10.9(15.9) Fighting
 + Level 15.2(20.2) Long Blades
 + Level 13.3(18.3) Armour
 + Level 4.9(9.9) Dodging
 + Level 2.9(7.9) Stealth
 + Level 9.5(14.5) Shields
 + Level 1.7 Invocations
 + Level 0.5 Evocations


You had 11 spell levels left.
You didn't know any spells.
Your spell library contained the following spells:

 Spells                   Type           Power      Damage    Failure   Level
 Shock                    Conj/Air       0%         1d3       99%         1
 Cigotuvi's Dreadful Rot  Necr/Alch/Air  0%         N/A       100%        2
 Lesser Beckoning         Tloc           0%         N/A       100%        2
 Gell's Gravitas          Tloc           0%         N/A       100%        3
 Inner Flame              Hex/Fire       0%         N/A       100%        3
 Swiftness                Air            0%         N/A       100%        3
 Teleport Other           Tloc           0%         N/A       100%        3
 Airstrike                Air            0%         2d(0-16)  100%        4
 Ignite Poison            Fire/Alch      0%         N/A       100%        4
 Freezing Cloud           Conj/Ice/Air   0%         6-21      100%        5
 Irradiate                Conj/Alch      0%         3d11      100%        5
 Ignition                 Fire           0%         3d3       100%        8


Dungeon Overview and Level Annotations

Branches:
Dungeon (11/15)            Temple (0/1) D:7            Lair (2/5) D:11
    Orc (0/2) D:9
  Swamp: Lair:2-3    Shoals: Lair:2-3     Snake: Lair:2-3    Spider: Lair:2-3

Altars:
Ashenzari
Kikubaaqudgha
Nemelex Xobeh
Okawaru
Uskayaw

Shops:
D:6 [   D:9 [(

Annotations:
D:8 3 runed translucent doors, Peloso's ghost, novice MiFi; Syis's ghost, novice DECj; riffraff's ghost, journeyman SpHu


Innate Abilities, Weirdness & Mutations

You have a pair of horns on your head.
You reflexively headbutt those who attack you in melee.


Message History

Amaemon is severely wounded.
You feel sick.
You slice Amaemon!! You burn Amaemon.
You kill Amaemon!
Okawaru accepts your kill.
You feel sick. You block the orange demon's attack.
You feel sick. The orange demon stings you.
You are more poisoned.
You have difficulty breathing.
You feel yourself slow down.
The orange demon hits you but does no damage.
You see here a +1 demon whip of venom.
You feel extremely sick. The orange demon closely misses you.
You block the orange demon's attack. The orange demon barely misses you. x2
You hit the orange demon. You burn the orange demon.
You headbutt the orange demon!
The orange demon is moderately wounded.
You feel very sick. The orange demon stings you.
* * * LOW HITPOINT WARNING * * *
You are lethally poisoned!
You have difficulty breathing.
* * * LOW HITPOINT WARNING * * *
You feel as though you will be slow longer.
The orange demon hits you but does no damage.
You hit the orange demon. You burn the orange demon.
The orange demon is heavily wounded.
* * * LOW HITPOINT WARNING * * *
You feel extremely sick. You block the orange demon's attack. x2
You barely miss the orange demon.
The orange demon is heavily wounded.
* * * LOW HITPOINT WARNING * * *
You feel extremely sick. The orange demon misses you.
The orange demon hits you but does no damage.
You hit the orange demon but do no damage.
You headbutt the orange demon.
The orange demon is heavily wounded.
You die...

## #.### ## ##.#^#.
## . #^#.#^###.# ..
#.#...#.# ...
#....^# ....
###...####.....
##.....)4.......
#.......@.......
##.#P....#......
##.###.### .....
#...##..# ....
#...#...###.......#
##.P.#..##P.......
#......# .......#
#..#..## #......#
##.##..####......#


You could see an orange demon (curare).

Vanquished Creatures
  A tengu reaver (D:11)
  A yaktaur captain (D:11)
  Erica (D:10)
  A boulder beetle (D:11)
  3 two-headed ogres
  Sonja (D:10)
  Nergalle (D:11)
  Amaemon (Lair:2)
  5 cyclopes (D:11)
  An ugly thing (D:11)
  A manticore (D:11)
  A gargoyle (D:10)
  A cane toad (Lair:1)
  2 rime drakes
  2 komodo dragons
  A troll (D:11)
  2 polar bears (Lair:1)
  3 blink frogs (Lair:1)
  A slime creature (D:11)
  Sigmund (D:6)
  A wraith (D:11)
  A shadow (D:11)
  2 wyverns
  14 yaks
  A culicivora (Lair:2)
  Grum (D:11)
  3 steam dragons
  Menkaure (D:6)
  An acid dragon (D:9)
  A water moccasin (Lair:1)
  5 ice beasts
  A sky beast (D:6)
  4 ogres
  2 black bears
  12 wolves
  5 centaurs
  2 phantoms (D:6)
  2 kobold brigands
  6 bullfrogs
  A gnoll sergeant (D:5)
  5 scorpions
  4 wights (D:9)
  18 killer bees
  2 howler monkeys
  3 jellies
  2 orc priests
  4 bombardier beetles
  5 hounds
  3 iguanas (D:6)
  10 orc wizards
  2 sleepcaps
  9 gnolls (D:5)
  8 adders
  A shadow imp (D:7)
  A white imp (D:7)
  2 ribbon worms
  A dart slug (D:2)
  22 orcs
  3 endoplasms
  4 giant cockroaches
  8 goblins
  11 hobgoblins
  9 jackals
  20 kobolds
  A quokka (D:1)
  7 ball pythons
  3 bats (D:1)
  4 frilled lizards
  4 rats
273 creatures vanquished.

Notes
Turn   | Place    | Note
-------+----------+-------------------------------------------
     0 | D:1      | Peloso the Minotaur Fighter began the quest for the Orb.
     0 | D:1      | Reached XP level 1. HP: 19/19 MP: 0/0
   104 | D:1      | Reached XP level 2. HP: 27/27 MP: 1/1
   372 | D:1      | Reached XP level 3. HP: 33/33 MP: 2/2
   528 | D:1      | Found a faded altar of an unknown god.
   992 | D:2      | Reached skill level 3 in Long Blades
  1666 | D:3      | Reached XP level 4. HP: 40/40 MP: 3/3
  1892 | D:3      | Found an iron altar of Okawaru.
  1913 | D:3      | Became a worshipper of Warmaster Okawaru
  2366 | D:3      | Reached skill level 1 in Dodging
  2547 | D:4      | Reached skill level 4 in Long Blades
  2547 | D:4      | Reached XP level 5. HP: 46/46 MP: 4/4
  2691 | D:4      | Noticed an ogre
  2700 | D:4      | Killed an ogre
  2700 | D:4      | Reached * piety under Okawaru
  2701 | D:4      | Reached skill level 5 in Long Blades
  2701 | D:4      | Reached skill level 5 in Armour
  2812 | D:4      | Found a broken altar of Ashenzari.
  2901 | D:4      | Found a sparkling altar of Nemelex Xobeh.
  2947 | D:4      | Noticed an ogre
  2955 | D:4      | Killed an ogre
  2956 | D:4      | Reached XP level 6. HP: 9/52 MP: 5/5
  3311 | D:4      | Reached skill level 6 in Long Blades
  3658 | D:5      | Entered Level 5 of the Dungeon
  3766 | D:5      | Reached XP level 7. HP: 60/60 MP: 6/6
  3801 | D:5      | Reached skill level 7 in Long Blades
  3863 | D:5      | Reached skill level 5 in Shields
  3973 | D:5      | Reached ** piety under Okawaru
  4000 | D:5      | Reached skill level 8 in Long Blades
  4001 | D:5      | Reached skill level 5 in Fighting
  4001 | D:5      | Reached XP level 8. HP: 58/68 MP: 7/7
  4228 | D:5      | You fall into a shaft and drop 2 floors!
  4730 | D:6      | Noticed a +0 dagger
  4731 | D:6      | Noticed a +0 hand axe
  4733 | D:6      | Found a hide-covered altar of Uskayaw.
  4883 | D:6      | Reached skill level 9 in Long Blades
  4950 | D:6      | Found Syheemuank's Armour Emporium.
  5018 | D:6      | Noticed Sigmund
  5024 | D:6      | Killed Sigmund
  5041 | D:6      | Noticed Menkaure
  5045 | D:6      | Killed Menkaure
  5059 | D:6      | Reached *** piety under Okawaru
  5213 | D:6      | Noticed a two-headed ogre
  5224 | D:6      | Killed a two-headed ogre
  5224 | D:6      | Reached **** piety under Okawaru
  5225 | D:6      | Reached skill level 10 in Long Blades
  5225 | D:6      | Reached XP level 9. HP: 50/78 MP: 5/8
  5416 | D:6      | Reached skill level 11 in Long Blades
  5991 | D:7      | Reached XP level 10. HP: 63/86 MP: 9/9
  5995 | D:7      | Reached skill level 12 in Long Blades
  5997 | D:7      | Reached ***** piety under Okawaru
  6534 | D:7      | Reached skill level 1 in Stealth
  6744 | D:7      | Found a staircase to the Ecumenical Temple.
  6744 | D:7      | Noticed a two-headed ogre
  6752 | D:7      | Killed a two-headed ogre
  7216 | D:8      | Reached skill level 13 in Long Blades
  7472 | D:8      | Found an ancient bone altar of Kikubaaqudgha.
  7819 | D:8      | Found a runed translucent gate.
  7819 | D:8      | Found a runed translucent gate.
  7822 | D:8      | Found a runed translucent gate.
  7822 | D:8      | Noticed riffraff's ghost (journeyman SpHu)
  7822 | D:8      | Noticed Peloso's ghost (novice MiFi)
  7822 | D:8      | Noticed Syis's ghost (novice DECj)
  8571 | D:9      | Found Dinuopp's Weapon Shop.
  8574 | D:9      | Found a staircase to the Orcish Mines.
  8580 | D:9      | Reached skill level 10 in Armour
  8601 | D:9      | Found Tyboiv's Armour Shop.
  8619 | D:9      | Noticed a two-headed ogre
  8631 | D:9      | Received a gift from Okawaru
  8639 | D:9      | Killed a two-headed ogre
  9038 | D:9      | Reached skill level 1 in Invocations
  9409 | D:9      | Reached XP level 11. HP: 60/93 MP: 11/11
  9577 | D:9      | Identified a scroll of acquirement
  9624 | D:10     | Entered Level 10 of the Dungeon
  9755 | D:10     | Noticed Erica
 10058 | D:10     | Received a gift from Okawaru
 10079 | D:10     | Killed Erica
 10261 | D:10     | Reached skill level 14 in Long Blades
 10570 | D:10     | Noticed Sonja
 10576 | D:10     | Killed Sonja
 10927 | D:11     | Noticed Grum
 10933 | D:11     | Received a gift from Okawaru
 11001 | D:11     | Killed Grum
 11195 | D:11     | Found a staircase to the Lair.
 11212 | D:11     | Noticed Nergalle
 11222 | D:11     | Killed Nergalle
 11483 | D:11     | Noticed a white ugly thing
 11489 | D:11     | Killed a white ugly thing
 11588 | D:11     | Received a gift from Okawaru
 11641 | D:11     | Noticed a tengu reaver
 11649 | D:11     | Noticed a yaktaur captain
 11665 | D:11     | Killed a tengu reaver
 11673 | D:11     | Killed a yaktaur captain
 11673 | D:11     | Received a gift from Okawaru
 11674 | D:11     | Reached XP level 12. HP: 23/106 MP: 12/12
 11675 | D:11     | Noticed a boulder beetle
 11814 | D:11     | Killed a boulder beetle
 11820 | D:11     | Reached skill level 10 in Fighting
 11820 | D:11     | Reached skill level 15 in Long Blades
 11936 | D:11     | Found the macabre finger necklace {Finger+ rN+}
 12063 | D:11     | Identified the +0 buckler of Incorporation {Int+3}
 12204 | Lair:1   | Entered Level 1 of the Lair of Beasts
 12911 | Lair:2   | Noticed Amaemon
 12922 | Lair:2   | Killed Amaemon
 12927 | Lair:2   | HP: 1/108 [poisoned by orange demon (concentrated venom)]
 12928 | Lair:2   | Succumbed to orange demon's concentrated venom

Illustrated notes

Levels and vault maps discovered:
D:1:      dpeg_arrival_more_subterranean_lakeside_camping, layout_loops_ring,
          shapermc_ecumenical_altar_petra, hangedman_decor_riveting,
          bh_walls_and_bars
D:2:      layout_basic
D:3:      layout_basic, okawaru_ov_weapons_minmay, st_stairs_10,
          kennysheep_generic_room_5
D:4:      layout_basic, nicolae_overflow_crystal_walls,
          nicolae_ashenzari_panopticon
D:5:      minmay_recursive_quarters, layout_rooms,
          serial_library_regret_index_split_case
D:6:      minmay_bubble_buster, layout_gridville, dancing_weapons_uskayaw,
          serial_shops, nicolae_shop_competitors_out_of_business, uniq_menkaure,
          uniq_sigmund
D:7:      layout_rooms, temple_green, nicolae_sextant, kennysheep_big_empty_room
D:8:      layout_loops_corners, mainiacjoe_overflow_brackets,
          gammafunk_ghost_cemetery, nicolae_eternal_life, skrybe_limestone_x
D:9:      layout_basic, orc_david_3
D:10:     layout_loops_cross, serial_co_window_serial,
          co_window_of_opportunity_a, co_window_of_opportunity_a,
          co_window_paths_a, co_window_of_opportunity_a, co_window_cross_1,
          co_window_corner_a, co_window_paths_c, co_window_unsneaky_path_d,
          co_window_2corner, co_window_2corner, co_window_2corner, uniq_erica,
          uniq_sonja
D:11:     minmay_mutant_horseshoe, layout_gridville, hellmonk_lair_entry_icy,
          minmay_checkerbox, uniq_nergalle, uniq_grum
Lair:1:   layout_chaotic_city, lemuel_fruit_tree
Lair:2:   layout_regular_city, nicolae_spider_entry_tight_spaces, tgw_fedhas,
          grunt_megastairs_2, uniq_prince_ribbit2, uniq_amaemon, uniq_harold

Skill      XL: |  1  2  3  4  5  6  7  8  9 10 11 12 |
---------------+-------------------------------------+-----
Armour         | 4 5 6 8 9 10 12 13 | 13.3
Shields        | 4 5 6 7 8 9 |  9.5
Fighting       | 4 5 6 7 9 10 | 10.9
Long Blades    | 3 4 5 6 8 10 11 13 14 15 | 15.2
Dodging        | 1 2 3 4 |  4.9
Stealth        | 1 2 |  2.9
Invocations    | 1 |  1.7
Evocations     | |  0.5

Action                     |  1- 3 |  4- 6 |  7- 9 | 10-12 || total
---------------------------+-------+-------+-------+-------++-------
  Melee: Long sword        |   100 |    60 |   194 |   176 ||   530
         Headbutt          |    11 |    14 |    38 |    91 ||   154
         Scimitar          |       |       |       |   223 ||   223
 Invoke: Heroism           |       |       |     3 |     5 ||     8
  Evoke: Wand              |       |       |       |     2 ||     2
    Use: Potion            |     4 |       |       |     5 ||     9
         Scroll            |     2 |     1 |     6 |    11 ||    20
   Stab: Invisible         |       |       |       |     3 ||     3
 Armour: Scale mail        |    47 |       |       |       ||    47
         Chain mail        |    27 |    33 |   163 |   268 ||   491
         Skin              |       |       |       |    21 ||    21
         Plate armour      |       |       |       |    63 ||    63
  Dodge: Dodged            |    47 |    22 |    77 |   190 ||   336
  Block: Buckler           |    26 |    15 |    55 |   138 ||   234
